 Dungeon Crawl Stone Soup version 0.32-a0-128-g77eb882913 (webtiles) character file.

Game seed: 3876363072394640345

1283 Dittersdorf the Covered (level 8, -5/52 HPs)
             Began as a Gargoyle Fighter on Feb 7, 2024.
             Slain by Krumphau's ghost (14 damage)
             ... on level 5 of the Dungeon.
             The game lasted 00:12:28 (5278 turns).

Dittersdorf the Covered (Gargoyle Fighter)          Turns: 5278, Time: 00:12:29

Health: -5/52      AC: 15    Str: 23    XL:     8   Next: 55%
Magic:  8/8        EV:  8    Int:  8    God:
Gold:   222        SH:  6    Dex: 15    Spells: 7/7 levels left

rFire   . . .        a - +0 flail
rCold   . . .        c - +0 buckler
rNeg    + + .        y - +0 chain mail
rPois   ∞            (no helmet)
rElec   +            (no cloak)
rCorr   .            (no gloves)
SInv    .            (no boots)
Will    .....        (no amulet) Stlth
                     k - +6 ring of dexterity
HPRegen 0.28/turn    p - ring of positive energy
MPRegen 0.11/turn

%: no passive effects
@: no status effects
A: sickness immunity, AC +5, negative energy resistance 1, electricity
resistance, torment resistance 1, petrification resistance
a: no special abilities


You were on level 5 of the Dungeon.
You visited 1 branch of the dungeon, and saw 5 of its levels.
You also visited: Sewer.

You collected 222 gold pieces.

Inventory:

Hand Weapons
 a - a +0 flail (weapon)
Armour
 c - a +0 buckler (worn)
 y - a +0 chain mail (worn)
Jewellery
 f - a ring of see invisible
 k - a +6 ring of dexterity (left hand)
 p - a ring of positive energy (right hand)
Wands
 s - a wand of quicksilver (10) (quivered)
 v - a wand of flame (21)
 z - a wand of paralysis (10)
Scrolls
 h - 3 scrolls of teleportation
 i - a scroll of revelation
 j - a scroll of immolation {unknown}
 l - a scroll of noise {unknown}
 n - 2 scrolls of fear {unknown}
 t - a scroll of fog {unknown}
Potions
 b - a potion of resistance
 d - a potion of might
 e - a potion of cancellation
 g - a potion of enlightenment
 m - 3 potions of haste
 o - a potion of brilliance
 q - a potion of mutation {unknown}
 r - a potion of magic {unknown}
 u - 3 potions of curing {unknown}
 w - 2 potions of degeneration {unknown}
 x - a potion of ambrosia {unknown}


   Skills:
 + Level 6.3 Fighting
 + Level 5.3 Maces & Flails
 + Level 6.4 Armour
 + Level 6.4 Shields


You had 7 spell levels left.
You didn't know any spells.
Your spell library contained the following spells:

 Spells                   Type           Power      Damage    Failure   Level
 Apportation              Tloc           0%         N/A       95%         1
 Necrotise                Necr           0%         1d4       95%         1
 Sting                    Conj/Alch      0%         1d3       95%         1
 Summon Small Mammal      Summ           0%         N/A       95%         1
 Dazzling Flash           Conj/Hex       0%         N/A       100%        3
 Mephitic Cloud           Conj/Alch/Air  0%         N/A       100%        3
 Leda's Liquefaction      Alch/Erth      0%         N/A       100%        4
 Curse of Agony           Necr           0%         N/A       100%        5
 Lee's Rapid Deconstruct  Erth           0%         3d4*      100%        5
 Silence                  Hex/Air        0%         N/A       100%        5
 Bombard                  Conj/Erth      0%         9d1       100%        6


Dungeon Overview and Level Annotations

Branches:
Dungeon (5/15)              Sewer (visited)
 Temple: D:4-7

Altars:
Fedhas
Yredelemnul
The Shining One

Shops:
D:5 =

Annotations:
D:5 Krumphau's ghost, novice MiFi


Innate Abilities, Weirdness & Mutations

You are immune to sickness and miasma.
Your stone body is resilient. (AC +5)
You are immune to poison.
You resist negative energy. (rN+)
You are resistant to electric shocks. (rElec)
You are resistant to unholy torment.
You are immune to petrification.


Message History

You are too injured to fight recklessly!
You are too injured to fight recklessly!
You are too injured to fight recklessly!
You are too injured to fight recklessly!
You are too injured to fight recklessly!
You are too injured to fight recklessly!
You are too injured to fight recklessly!
You are too injured to fight recklessly!
You are too injured to fight recklessly!
You are too injured to fight recklessly!
You are too injured to fight recklessly!
You are too injured to fight recklessly!
You are too injured to fight recklessly!
You are too injured to fight recklessly!
You are too injured to fight recklessly!
You are too injured to fight recklessly!
You are too injured to fight recklessly!
Okay, then.
Aiming: Quicksilver Bolt
Press: ? - help, Q - select action, (/) - cycle Shift-Dir - straight line, f - adder
Aim: an adder (53% to hit)
The bolt of dispelling energy hits Krumphau's ghost.
Krumphau's ghost is moderately damaged.
The bolt of dispelling energy hits the adder!
You kill the adder!
Krumphau's ghost whispers, "Soon you will have time, lots of time..."
Krumphau's ghost hits you but does no damage.
You hit Krumphau's ghost.
Krumphau's ghost is moderately damaged.
Krumphau's ghost hits you.
* * * LOW HITPOINT WARNING * * *
You hit Krumphau's ghost.
Krumphau's ghost is heavily damaged.
Krumphau's ghost hits you but does no damage.
You hit Krumphau's ghost but do no damage.
Krumphau's ghost is heavily damaged.
Krumphau's ghost hits you.
* * * LOW HITPOINT WARNING * * *
Krumphau's ghost hits you!
You die...

#.............................#
...............+..............###
...............#.................
#############..#.................
###.........#..#.................
..#.........#..#.............)...
..#.........#..#.................
..#.........#..#.########........
###.........##'#@W†~~~!~#........
....######....†..########........
....#....'.......................
....'....#.......................
....#.##.#.......................
.####.##.#####'#.................
.#.............#.................
.#.............#...........#####.
.#..####...##..#...........# #.


You could see Krumphau's ghost.

Vanquished Creatures
  4 kobold brigands (Sewer)
  A bullfrog (D:5)
  3 scorpions
  A howler monkey (D:5)
  A bombardier beetle (D:3)
  A jelly (D:5)
  2 orc priests
  A hound (D:5)
  A gnoll bouda (D:4)
  A sleepcap (D:5)
  Natasha (thrice) (D:4)
  4 iguanas (D:5)
  2 orc wizards (D:5)
  6 gnolls
  8 adders
  2 river rats (Sewer)
  A shadow imp (D:5)
  2 white imps (D:5)
  An ufetubus (D:5)
  A dart slug (D:1)
  4 ribbon worms
  10 orcs
  2 bats
  9 endoplasms
  7 giant cockroaches
  10 goblins
  6 hobgoblins
  12 kobolds
  7 quokkas
  4 ball pythons
  A frilled lizard (D:3)
  9 rats
127 creatures vanquished.

Notes
Turn   | Place    | Note
-------+----------+-------------------------------------------
     0 | D:1      | Dittersdorf the Gargoyle Fighter began the quest for the
                  | Orb.
     0 | D:1      | Reached XP level 1. HP: 14/14 MP: 1/1
   224 | D:1      | Reached XP level 2. HP: 19/19 MP: 2/2
   829 | D:1      | Reached XP level 3. HP: 12/24 MP: 3/3
  1065 | D:2      | Found a basalt altar of Yredelemnul.
  1682 | D:3      | Reached XP level 4. HP: 16/29 MP: 4/4
  1764 | D:3      | Reached XP level 5. HP: 28/33 MP: 5/5
  2375 | D:4      | Found a glowing drain.
  2399 | Sewer    | Entered a sewer
  2423 | Sewer    | Noticed a kobold brigand
  2435 | Sewer    | Killed a kobold brigand
  2437 | Sewer    | Reached XP level 6. HP: 39/39 MP: 6/6
  2864 | Sewer    | Reached skill level 5 in Fighting
  2864 | Sewer    | Reached skill level 5 in Armour
  2893 | Sewer    | Reached skill level 5 in Shields
  2893 | Sewer    | Reached XP level 7. HP: 37/44 MP: 7/7
  3383 | D:4      | Noticed Natasha
  3390 | D:4      | Killed Natasha
  3426 | D:4      | Noticed Natasha
  3430 | D:4      | Killed Natasha
  3699 | D:4      | Noticed Natasha
  3705 | D:4      | Killed Natasha
  3789 | D:5      | Entered Level 5 of the Dungeon
  4038 | D:5      | Reached XP level 8. HP: 50/51 MP: 8/8
  4050 | D:5      | Found a glowing golden altar of the Shining One.
  4051 | D:5      | Found a blossoming altar of Fedhas.
  4162 | D:5      | Found Tod Dimi's Jewellery Emporium.
  4525 | D:5      | Reached skill level 5 in Maces & Flails
  4594 | D:5      | Found a runed translucent door.
  4597 | D:5      | Noticed Krumphau's ghost (novice MiFi)
  5278 | D:5      | Slain by Krumphau's ghost

Illustrated notes

Levels and vault maps discovered:
D:1:      lightli_arrival_quake, layout_basic, serial_bayou_crossing
D:2:      layout_basic, basic_altar
D:3:      layout_loops_ring, serial_bayou, serial_bayou_pond_b,
          serial_bayou_ford_a, serial_bayou_pond_c, serial_bayou_pond_b
D:4:      layout_loops_ring, gup_sewer_entry_pipe, uniq_natasha
D:5:      layout_gridville, mainiacjoe_overflow_divided_tiny,
          ebering_ghost_sewer_d, serial_shops, nicolae_shop_hallway_plus,
          hangedman_decor_lopped, minmay_pentangle

Skill      XL: |  1  2  3  4  5  6  7  8 |
---------------+-------------------------+-----
Fighting       | 4 5 6 |  6.3
Armour         | 4 5 6 |  6.4
Shields        | 4 5 6 |  6.4
Maces & Flails | 3 4 5 |  5.3

Action                     |  1- 3 |  4- 6 |  7- 9 || total
---------------------------+-------+-------+-------++-------
  Melee: Flail             |   114 |   189 |   210 ||   513
  Evoke: Wand              |       |       |     1 ||     1
    Use: Scroll            |       |     4 |     5 ||     9
 Armour: Scale mail        |    81 |   113 |    22 ||   216
         Chain mail        |       |       |   164 ||   164
  Dodge: Dodged            |    30 |    65 |    91 ||   186
  Block: Buckler           |    26 |    46 |    52 ||   124

Table legend: (Time is in decaauts)
 A = Elapsed time spent in this place.
 B = Non-inter-level travel time spent in this place.
 C = Inter-level travel time spent in this place.
 D = Time resting spent in this place.
 E = Time spent auto-exploring this place.
 F = Levels seen in this place.
 G = Mean time per level.
                   A        B        C        D        E       F      G
               +--------+--------+--------+--------+--------+-----+--------+
         Total |   5605 |   5411 |    194 |    579 |   3434 |   6 |  934.2 |
       Dungeon |   4724 |   4530 |    194 |    559 |   2865 |   5 |  944.8 |
         Sewer |    881 |    881 |      0 |     20 |    568 |   1 |  881.0 |
               +--------+--------+--------+--------+--------+-----+--------+

Top non-repeatable levels by time:
     D:5: 1222 daAuts
     D:4: 1063 daAuts
     D:1: 1017 daAuts
   Sewer: 881 daAuts
     D:3: 846 daAuts
     D:2: 574 daAuts
